 Dungeon Crawl Stone Soup version 0.29.1-13-g9f3cf754e1 (webtiles) character file.

Game seed: 18392901682940522395

1263 nightchill the Purveyor of Pain (level 8, -7/57 HPs)
             Began as a Vampire Necromancer on Feb 8, 2023.
             Was an Initiate of Kikubaaqudgha.
             Mangled by a hornet (15 damage)
             ... on level 8 of the Dungeon.
             The game lasted 00:18:27 (5700 turns).

nightchill the Purveyor of Pain (VpNe)              Turns: 5700, Time: 00:18:28

Health: -7/57      AC:  3    Str:  7    XL:     8   Next: 27%
Magic:  5/14       EV: 12    Int: 20    God:    Kikubaaqudgha [......]
Gold:   301        SH:  0    Dex: 14    Spells: 8/15 levels left

rFire   . . .      SeeInvis +   a - +3 dagger (elec)
rCold   . . .      Faith    .   (no shield)
rNeg    . . .      Spirit   .   k - +0 robe
rPois   .          Reflect  .   E - +0 helmet
rElec   .          Harm     .   (no cloak)
rCorr   .          Rampage  .   (no gloves)
Will    .....                   (no boots)
Stlth   +++.......              (no amulet)
HPRegen 0.39/turn               (no ring)
MPRegen 0.14/turn               (no ring)

@: lethally poisoned (-7 -> -14), healing quickly, slowed, very slow
A: alive, fangs 3, see invisible, vampiric 2
a: Exsanguinate, Renounce Religion


You were on level 8 of the Dungeon.
You worshipped Kikubaaqudgha.
Kikubaaqudgha was noncommittal.
You visited 2 branches of the dungeon, and saw 9 of its levels.

You collected 301 gold pieces.

Inventory:

Hand Weapons
 a - a +3 dagger of electrocution (weapon)
 c - a +0 hand axe
 e - a +0 club
 f - a +0 short sword of protection
 o - a +2 dagger of speed
 x - a +0 rapier
 y - a +0 vampiric whip
Missiles
 u - 11 poisoned darts (quivered)
 D - 4 throwing nets
Armour
 k - a +0 robe (worn)
 E - a +0 helmet (worn)
Jewellery
 q - a ring of fire
Scrolls
 d - a scroll of enchant armour {unknown}
 h - 4 scrolls of teleportation
 i - a scroll of torment
 n - a scroll of magic mapping
 p - a scroll of poison
 r - a scroll of amnesia
 t - 3 scrolls of brand weapon
 z - 3 scrolls of immolation
 B - 2 scrolls of noise
 C - 2 scrolls of fear
 F - a scroll of silence {unknown}
Potions
 b - 2 potions of magic
 g - a potion of attraction
 j - a potion of resistance
 l - a potion of mutation
 m - a potion of cancellation
 s - 4 potions of heal wounds
 v - 2 potions of might
 w - a potion of brilliance
 A - a potion of haste {unknown}


   Skills:
 + Level 2.8 Fighting
 * Level 5.2 Short Blades
 - Level 2.1 Dodging
 - Level 5.0 Stealth
 + Level 4.3 Spellcasting
 * Level 8.1 Necromancy


You had 8 spell levels left.
You knew the following spells:

 Your Spells              Type           Power      Damage    Failure   Level
b - Vampiric Draining     Necr           37%        2d8       1%          3
c - Animate Dead          Necr           37%        N/A       4%          4

Your spell library contained the following spells:

 Spells                   Type           Power      Damage    Failure   Level
 Necrotise                Necr           100%       1d9       1%          1
 Agony                    Necr           37%        N/A       12%         5
 Shock                    Conj/Air       16%        1d4       13%         1
 Ensorcelled Hibernation  Hex/Ice        8%         N/A       19%         2
 Anguish                  Hex/Necr       10%        N/A       24%         4
 Spider Form              Tmut/Pois      4%         N/A       36%         3
 Swiftness                Air            4%         N/A       36%         3
 Airstrike                Air            2%         2d(1-17)  77%         4


Dungeon Overview and Level Annotations

Branches:
Dungeon (8/15)             Temple (1/1) D:5
   Lair: D:8-11

Altars:
Ashenzari
Cheibriados
Fedhas
Gozag
Hepliaklqana
Kikubaaqudgha
Okawaru
Vehumet
Wu Jian
Yredelemnul

Shops:
D:1 !   D:2 (   D:4 =

Annotations:
D:3 Sigmund
D:4 exclusion: 2 downstairs
D:5 exclusion: downstairs
D:6 exclusion: centaur


Innate Abilities, Weirdness & Mutations

Your natural rate of healing is accelerated.
You have razor-sharp teeth.
You have supernaturally acute eyesight. (SInv)
You are afflicted with vampirism and can become a bat while bloodless.


Message History

You feel sick. The hornet stings you!
You feel yourself slow down.
You can move again.
There is an open door, spattered with blood here.
Casting: Vampiric Draining (safe; 1% risk of failure)
Confirm with . or Enter, or press ? or * to list all spells.
Aiming: Vampiric Draining (safe; 1% risk of failure)
Press: ? - help, Shift-Dir - straight line, f - hornet
Aim: a hornet You draw life force from the hornet!
You feel life coursing into your body.
You feel very sick. The hornet stings you!
* * * LOW HITPOINT WARNING * * *
You are more poisoned.
You feel as though you will be slow longer.
The hornet stings you!
* * * LOW HITPOINT WARNING * * *
You feel as though you will be slow longer.
Casting: Vampiric Draining (safe; 1% risk of failure)
Confirm with . or Enter, or press ? or * to list all spells.
Aiming: Vampiric Draining (safe; 1% risk of failure)
Press: ? - help, Shift-Dir - straight line, f/p - hornet
Aim: a hornet (moderately wounded)
You draw life force from the hornet!
You feel life coursing into your body.
You feel very sick. The hornet stings you!
* * * LOW HITPOINT WARNING * * *
You feel as though you will be slow longer.
The hornet misses you.
Casting: Vampiric Draining (safe; 1% risk of failure)
Confirm with . or Enter, or press ? or * to list all spells.
Aiming: Vampiric Draining (safe; 1% risk of failure)
Press: ? - help, Shift-Dir - straight line, f/p - hornet
Aim: a hornet (heavily wounded)
You draw life force from the hornet.
You feel life coursing into your body.
* * * LOW HITPOINT WARNING * * *
You feel very sick. The hornet stings you!
You die...
Kikubaaqudgha rasps: "You have failed me!
Welcome... death!"

......# ......# ##.
......# ..##+#
......# #..(.+
......# #....#
......# #....#
......# #....#
......# #..y.#
..#'###### #@#
..#..##..#######.####
..#...'.............#
..#####.............#
......#.............#
......+.............#
......#####...##..###
......# #...##..#
......# +.......#


You could see a hornet.

Vanquished Creatures
  Grinder (D:5)
  A steam dragon (D:5)
  A water moccasin (D:5)
  A centaur (D:5)
  2 phantoms (D:4)
  3 bullfrogs
  A gnoll sergeant (D:6)
  A howler monkey (D:5)
  A gnoll bouda (D:5)
  2 hounds
  4 adders
  10 gnolls
  4 dart slugs
  An orc (D:3)
  5 endoplasms
  2 giant cockroaches
  6 goblins
  10 hobgoblins
  3 jackals (D:2)
  8 kobolds
  2 quokkas (D:4)
  4 ball pythons
  2 bats
  4 frilled lizards
  A rat (D:1)
80 creatures vanquished.

Vanquished Creatures (collateral kills)
  2 gnolls
  An endoplasm (D:1)
  A kobold (D:1)
4 creatures vanquished.

Vanquished Creatures (others)
  6 gnoll zombies
  8 plants (D:6)
14 creatures vanquished.

Grand Total: 98 creatures vanquished

Notes
Turn   | Place    | Note
-------+----------+-------------------------------------------
     0 | D:1      | nightchill the Vampire Necromancer began the quest for the
                  | Orb.
     0 | D:1      | Reached XP level 1. HP: 13/13 MP: 3/3
   133 | D:1      | Reached XP level 2. HP: 17/19 MP: 0/5
   249 | D:1      | Found a faded altar of an unknown god.
   361 | D:1      | Found Taystus's Distillery.
   702 | D:1      | Reached skill level 5 in Necromancy
   863 | D:2      | Gained mutation: You are afflicted with vampirism and can
                  | become a bat while bloodless. [Vampire growth]
   863 | D:2      | Reached XP level 3. HP: 23/24 MP: 6/6
   978 | D:2      | Learned a level 3 spell: Vampiric Draining
  1552 | D:2      | Found Fomotuip's Weapon Emporium.
  1737 | D:3      | Noticed Sigmund
  1791 | D:3      | Reached XP level 4. HP: 28/30 MP: 7/7
  2038 | D:3      | Learned a level 4 spell: Animate Dead
  2278 | D:4      | Noticed a phantom
  2399 | D:4      | Found Surr's Jewellery Shoppe.
  2429 | D:4      | Killed a phantom
  2430 | D:4      | Reached XP level 5. HP: 31/35 MP: 7/9
  2566 | D:4      | Reached skill level 5 in Stealth
  2566 | D:4      | Reached skill level 6 in Necromancy
  2842 | D:4      | Noticed a phantom
  2894 | D:4      | Killed a phantom
  2895 | D:4      | Reached skill level 1 in Short Blades
  2977 | D:4      | Found a basalt altar of Yredelemnul.
  3212 | D:5      | Entered Level 5 of the Dungeon
  3305 | D:5      | Reached XP level 6. HP: 26/42 MP: 5/10
  3429 | D:5      | Reached skill level 1 in Fighting
  3468 | D:5      | Noticed a steam dragon
  3485 | D:5      | Killed a steam dragon
  3512 | D:5      | Reached XP level 7. HP: 22/48 MP: 0/12
  3865 | D:5      | Found a staircase to the Ecumenical Temple.
  3874 | Temple   | Entered the Ecumenical Temple
  3927 | Temple   | Became a worshipper of Kikubaaqudgha
  4034 | D:5      | Noticed Grinder
  4275 | D:5      | Killed Grinder
  4276 | D:5      | Reached skill level 7 in Necromancy
  4753 | D:5      | Found a hazy altar of Hepliaklqana.
  5002 | D:6      | Reached XP level 8. HP: 57/57 MP: 14/14
  5502 | D:5      | Reached skill level 5 in Short Blades
  5502 | D:5      | Reached skill level 8 in Necromancy
  5558 | D:6      | You fall into a shaft and drop 2 floors!
  5593 | D:7      | Found an iron altar of Okawaru.
  5696 | D:8      | Noticed a hornet
  5696 | D:8      | Paralysed by a hornet for 2 turns
  5700 | D:8      | Mangled by a hornet

Illustrated notes

Levels and vault maps discovered:
D:1:      dpeg_arrival_erosion, layout_rooms, ebering_ecumenical_altar_rust,
          serial_shops, nicolae_shop_crystal, chequers_serial_rivers_micro_a,
          minmay_pentomino_q4
D:2:      layout_basic, serial_shops, nicolae_square_shop, minivault_27
D:3:      layout_loops_cross, hex_tiny, uniq_sigmund
D:4:      layout_basic, old_standard_altar, serial_shops, kennysheep_mini_moat,
          eino_tiny_chamber
D:5:      layout_cave_pools, nzn_hepliaklqana_mist_gate,
          minmay_temple_entry_butterflies, uniq_grinder
D:6:      layout_loops_ring, minmay_lizard_king
D:7:      layout_rooms, nicolae_overflow_hidden_temple
D:8:      layout_gridville, uniq_amaemon
Temple:   minmay_crystal_spiral_temple

Skill      XL: |  1  2  3  4  5  6  7  8 |
---------------+-------------------------+-----
Necromancy     | 5 6 7 8 |  8.1
Stealth        | 4 5 |  5.0
Spellcasting   | 3 4 |  4.3
Short Blades   | 1 3 4 5 |  5.2
Fighting       | 1 2 |  2.8
Dodging        | |  2.1

Action                   |  1- 3 |  4- 6 |  7- 9 || total
-------------------------+-------+-------+-------++-------
Melee: Hand axe          |     5 |       |       ||     5
       Short sword       |    19 |       |       ||    19
       Bite              |     8 |    14 |    13 ||    35
       Dagger            |    76 |    96 |    60 ||   232
       Punch             |     2 |     1 |       ||     3
Throw: Dart              |       |       |     5 ||     5
 Cast: Necrotise         |    17 |     2 |     1 ||    20
       Vampiric Draining |     2 |    11 |    14 ||    27
       Animate Dead      |       |     1 |     3 ||     4
  Use: Scroll            |     3 |     6 |    10 ||    19
       Potion            |       |     1 |       ||     1
 Stab: Sleeping          |     3 |       |     1 ||     4
       Distracted        |     1 |       |       ||     1
Armor: Robe              |    18 |    16 |    11 ||    45
Dodge: Dodged            |    56 |    65 |    59 ||   180
